 Dungeon Crawl Stone Soup version 0.30-a0-165-g1891117ce2 (webtiles) character file.

Game seed: 13925970237807144752

4 LnG the Caller (level 1, 0/10 HPs)
             Began as a Kobold Summoner on Sept 28, 2022.
             Slain by a jackal (1 damage)
             ... on level 1 of the Dungeon.
             The game lasted 00:00:39 (190 turns).

LnG the Caller (Kobold Summoner)                     Turns: 190, Time: 00:00:40

Health: 0/10       AC:  2    Str:  5    XL:     1   Next: 77%
Magic:  2/3        EV: 15    Int: 16    God:
Gold:   13         SH:  0    Dex: 15    Spells: 3/4 levels left

rFire   . . .      SeeInvis .    c - +0 dagger
rCold   . . .      Faith    .    (no shield)
rNeg    . . .      Spirit   .    a - +0 robe
rPois   .          Reflect  .    (no helmet)
rElec   .          Harm     .    (no cloak)
rCorr   .          Rampage  .    (no gloves)
Will    .....                    (no boots)
Stlth   +++.......               (no amulet)
HPRegen 0.03/turn                (no ring)
MPRegen 0.08/turn                (no ring)

@: no status effects
A: small, no large weapons, nightstalker 3
a: no special abilities


You were on level 1 of the Dungeon.
You visited 1 branch of the dungeon, and saw 1 of its levels.

You collected 13 gold pieces.

Inventory:

Hand Weapons
 c - a +0 dagger (weapon)
Armour
 a - a +0 robe (worn)
Scrolls
 d - a scroll of brand weapon {unknown}
 e - a scroll of vulnerability {unknown}
Potions
 b - a potion of magic


   Skills:
 + Level 2.4 Dodging
 + Level 2.8 Stealth
 + Level 2.2 Spellcasting
 + Level 4.2 Summonings


You had 3 spell levels left.
You knew the following spells:

 Your Spells              Type           Power      Damage    Failure   Level
a - Summon Small Mammal   Summ           60%        N/A       3%          1

Your spell library contained the following spells:

 Spells                   Type           Power      Damage    Failure   Level
 Call Imp                 Summ           15%        N/A       5%          2
 Call Canine Familiar     Summ           15%        N/A       11%         3
 Summon Guardian Golem    Hex/Summ       8%         N/A       26%         3
 Summon Lightning Spire   Summ/Air       8%         N/A       65%         4


Dungeon Overview and Level Annotations

Branches:
Dungeon (1/15)

Altars:


Innate Abilities, Weirdness & Mutations

You are small and have problems with some larger weapons.
You are completely attuned to the shadows.


Message History

Your bat hits the jackal but does no damage.
The jackal closely misses your bat.
Your bat hits the jackal.
Your bat hits the jackal but does no damage.
Casting: Summon Small Mammal (safe; 3% risk of failure)
Confirm with . or Enter, or press ? or * to list all spells.
Okay, then.
The jackal closely misses your bat.
Your bat hits the jackal. x2; The jackal completely misses your bat.
The jackal closely misses your bat.
Your bat barely misses the jackal.
The jackal bites your bat but does no damage.
Your bat hits the jackal but does no damage. x2
The jackal misses your bat.
Your bat barely misses the jackal.
Your bat closely misses the jackal.
Your bat barely misses the jackal.
The jackal bites your bat but does no damage.
You hit the jackal.
The jackal is heavily wounded.
The jackal completely misses you.
Your bat misses the jackal. The jackal barely misses you.
The jackal barely misses your bat.
Your bat barely misses the jackal.
You barely miss the jackal.
The jackal is heavily wounded.
Your bat disappears in a puff of smoke!
Your bat hits the jackal but does no damage.
The jackal bites you.
* * * LOW HITPOINT WARNING * * *
The jackal bites your bat.
Your bat dies!
Your bat's corpse disappears in a puff of smoke!
The jackal barks!
You barely miss the jackal.
The jackal is heavily wounded.
The jackal completely misses you.
Unknown command.
Casting: Summon Small Mammal (safe; 3% risk of failure)
Confirm with . or Enter, or press ? or * to list all spells.
The jackal bites you but does no damage.
The jackal closely misses you. x2; The jackal bites you.
You die...

#)...................#
#.†......#######.#...#
#.h......... #.#...#
#........### #.#.....
####......... #.#...#.
##........ #.......#
#........# #.......##.
#.....h..# #..........
#.....h@.#
.##.......##.
##..§...b# ...#......#.
#########.###.#...#..#.
#.........#....
########......##.#.
##......'#..........
#........#.#..###.##
#...##...#..... #.#
#..####..#...


You could see 2 jackals and a friendly bat (summoned).

Vanquished Creatures
  A jackal (D:1)
  A kobold (D:1)
  A rat (D:1)
3 creatures vanquished.

Vanquished Creatures (collateral kills)
  A goblin (D:1)
1 creature vanquished.

Grand Total: 4 creatures vanquished

Notes
Turn   | Place    | Note
-------+----------+-------------------------------------------
     0 | D:1      | LnG the Kobold Summoner began the quest for the Orb.
     0 | D:1      | Reached XP level 1. HP: 10/10 MP: 3/3
   190 | D:1      | Slain by a jackal

Illustrated notes

Levels and vault maps discovered:
D:1:      minmay_arrival_four_loops, layout_basic, skrybe_limestone_x,
          nicolae_concentric_dashed_squares_wild

Action                   || total
-------------------------++-------
Melee: Dagger            ||     9
 Cast: Summon Small Mamm ||     5
Armor: Robe              ||     2
Dodge: Dodged            ||     7

Table legend: (Time is in decaauts)
 A = Elapsed time spent in this place.
 B = Non-inter-level travel time spent in this place.
 C = Inter-level travel time spent in this place.
 D = Time resting spent in this place.
 E = Time spent auto-exploring this place.
 F = Levels seen in this place.
 G = Mean time per level.
                   A        B        C        D        E       F      G
               +--------+--------+--------+--------+--------+-----+--------+
         Total |    189 |    189 |      0 |     17 |    129 |   1 |  189.0 |
       Dungeon |    189 |    189 |      0 |     17 |    129 |   1 |  189.0 |
               +--------+--------+--------+--------+--------+-----+--------+

Top non-repeatable levels by time:
     D:1: 189 daAuts
